 Dungeon Sprint DCSS version 0.26.1-2-gb8aa6d0cf2 (webtiles) character file.

Game seed: 15759772203989992070

7 Groucho the Sneak (level 2, -1/13 HPs)
             Began as a Vine Stalker Enchanter on Feb 14, 2021.
             Slain by a human (3 damage)
             ... in the Dungeon (Sprint III: "The Ten Rune Challenge").
             The game lasted 00:01:40 (182 turns).

Groucho the Sneak (Vine Stalker Enchanter)           Turns: 182, Time: 00:01:40

Health: -1/13      AC:  2    Str: 10    XL:     2   Next: 0%
Magic:  0/6        EV: 12    Int: 15    God:
Gold:   0          SH:  0    Dex: 14    Spells: 3/6 levels left

rFire    . . .     SeeInvis .   a - +1 dagger
rCold    . . .     Faith    .   (no shield)
rNeg     . . .     Spirit   +   b - +0 robe
rPois    .         Reflect  .   (no helmet)
rElec    .         Harm     .   (no cloak)
rCorr    .         Rampage  .   (no gloves)
Will     .....     NoTele   +   (no boots)
Stlth    +++.......             (no amulet)
HPRegen  0.04/turn              (no ring)
MPRegen  0.10/turn              (no ring)

@: hasted, very quick
A: fangs 2, magic shield, antimagic bite, no potion heal 3
a: no special abilities


You were in the Dungeon.
You visited 1 branch

Inventory:

Hand Weapons
 a - a +1 dagger (weapon)
Missiles
 i - 9 stones
Armour
 b - a +0 robe (worn)
Scrolls
 c - a scroll of amnesia {unknown}
 h - a scroll of blinking
Potions
 d - a potion of curing
 f - a potion of magic
 g - a potion of berserk rage


   Skills:
 + Level 1.6 Short Blades
 + Level 2.1 Dodging
 + Level 4.2 Stealth
 + Level 2.7 Spellcasting
 + Level 3.4 Hexes


You had 3 spell levels left.
You knew the following spells:

 Your Spells              Type           Power        Failure   Level
a - Corona                Hex            13%          4%          1
b - Ensorcelled Hibernat  Hex/Ice        14%          16%         2

Your spell library contained the following spells:

 Spells                   Type           Power        Failure   Level
 Confusing Touch          Hex            12%          16%         3
 Tukima's Dance           Hex            12%          16%         3
 Dazzling Flash           Conj/Hex       14%          30%         3


Dungeon Overview and Level Annotations

Branches:
Dungeon (1/1)

Altars:


Innate Abilities, Weirdness & Mutations

You have extremely sharp teeth.
When hurt, damage is shared between your health and your magic reserves.
Your bite disrupts and absorbs the magic of your enemies.
Potions cannot restore your health.


Message History

You hit the human. Your bite misses the human.
The human is lightly wounded.
You hit the human but do no damage.
The human is lightly wounded.
The human barely misses you.
You barely miss the human.
The human is lightly wounded.
The human closely misses you.
Unknown command.
You closely miss the human.
The human is lightly wounded.
Unknown command.
You barely miss the human. You bite the human, but do no damage.
The human is lightly wounded.
The human closely misses you.
You closely miss the human. You bite the human. You drain its power.
You feel invigorated.
The human is lightly wounded.
The human hits you.
You die...

▓▓▓▓▓▓▓▓▓
▓<..#...####
▓.@.#......##
▓.p##...p...# .#
▓##.##.##...# .#
##.##.###..# ..#
▓#.####p##..# ...+
▓.###..##..##
#p..# ▓#.....##..#
#....#
###..##†..##.....#
##†.##W...#......#


You could see a human.

Vanquished Creatures
  An ooze (D)
  3 rats (D)
4 creatures vanquished.

Notes
Turn   | Place    | Note
-------+----------+-------------------------------------------
     0 | D        | Groucho the Vine Stalker Enchanter began the quest for the
                  | Orb.
     0 | D        | Reached XP level 1. HP: 9/9 MP: 4/4
    15 | D        | Reached skill level 1 in Short Blades
    15 | D        | Reached skill level 4 in Stealth
   129 | D        | Reached XP level 2. HP: 11/13 MP: 6/6
   170 | D        | Learned a level 2 spell: Ensorcelled Hibernation
   182 | D        | Slain by a human

Illustrated notes

Levels and vault maps discovered:
D:        dungeon_sprint_mu [sprint_mu_entry_cave, sprint_mu_temple_rooms,
          sprint_mu_d1_horrors, sprint_mu_d2_genie, sprint_mu_d3_branching,
          sprint_mu_orc_legion, sprint_mu_elf_gauntlet, sprint_mu_hive_nellie,
          sprint_mu_lair_fedhas, sprint_mu_vaults_butterflies,
          sprint_mu_slime_circle, sprint_mu_swamp_cave, sprint_mu_snake_twists,
          sprint_mu_blade_basic, sprint_mu_crypt_chambers,
          sprint_mu_tomb_spiral, sprint_mu_vestibule_basic,
          sprint_mu_gehenna_hellfire, sprint_mu_dis_giant,
          sprint_mu_tartarus_statrot, sprint_mu_cocytus_islands, sprint_mu_zot1]

Skill      XL: |  1 |
---------------+----+-----
Short Blades   | 1 |  1.6
Dodging        | 2 |  2.1
Stealth        | 4 |  4.2
Spellcasting   | |  2.7
Hexes          | |  3.4

Action                   || total
-------------------------++-------
Melee: Dagger            ||    14
       Bite              ||     4
 Cast: Ensorcelled Hiber ||     4
  Use: Potion            ||     2
 Stab: Sleeping          ||     2
Armor: Robe              ||     1
Dodge: Dodged            ||     6
